 Dungeon Crawl Stone Soup version 0.22.1-2-g9c5b331383 (webtiles) character file.

4418 Ivernyr the Frost Mage (level 9, -4/62 HPs)
             Began as a Demigod Ice Elementalist on Nov 17, 2018.
             Slain by a two-headed ogre
             ... wielding a +0 giant spiked club
              (20 damage)
             ... on level 9 of the Dungeon.
             The game lasted 01:14:44 (11413 turns).

Ivernyr the Frost Mage (Demigod Ice Elementalist)  Turns: 11413, Time: 01:14:44

Health: -4/62      AC: 14    Str: 11    XL:     9   Next: 91%
Magic:  10/21      EV: 16    Int: 25    God:
Gold:   488        SH:  0    Dex: 16    Spells: 0/19 levels left

rFire    . . .     SeeInvis .   v - +1 spear (venom)
rCold    . . .     Gourm    .   (no shield)
rNeg     . . .     Faith    .   a - +0 robe
rPois    .         Spirit   .   u - +0 helmet
rElec    .         Reflect  .   g - +2 cloak
rCorr    +         Harm     .   (no gloves)
MR       .....                  (no boots)
Stlth    +++.......             w - amulet of magic regeneration
HPRegen  0.20/turn              h - ring of stealth
MPRegen  0.42/turn              k - ring of resist corrosion

@: icy armour
A: high mp 1
a: no special abilities


You were on level 9 of the Dungeon.
You were not hungry.

You visited 1 branch of the dungeon, and saw 9 of its levels.
You also visited: Sewer and Ossuary.

You collected 488 gold pieces.

Inventory:

Hand Weapons
 v - a +1 spear of venom (weapon)
Armour
 a - a +0 robe (worn)
 g - a +2 cloak (worn)
 u - a +0 helmet (worn)
Jewellery
 h - a ring of stealth (left hand)
 k - a ring of resist corrosion (right hand)
 w - an amulet of magic regeneration (around neck)
 z - an uncursed amulet of the gourmand
 F - an uncursed amulet of regeneration {unknown}
 I - a cursed amulet of inaccuracy {unknown}
Wands
 J - a wand of enslavement (17)
Scrolls
 f - 3 scrolls of teleportation
 j - 2 scrolls of enchant armour
 l - a scroll of identify
 m - a scroll of noise {unknown}
 o - 4 scrolls of blinking
 q - 5 scrolls of remove curse
 t - 3 scrolls of magic mapping {unknown}
 x - 2 scrolls of enchant weapon {unknown}
 A - 3 scrolls of random uselessness
 B - 2 scrolls of fear {unknown}
 K - a scroll of vulnerability {unknown}
Potions
 b - 2 potions of berserk rage {unknown}
 d - 2 potions of degeneration {unknown}
 e - a potion of mutation {unknown}
 i - 5 potions of curing {unknown}
 n - a potion of ambrosia {unknown}
 p - a potion of flight {unknown}
 r - 2 potions of heal wounds
 s - 3 potions of haste {unknown}
 C - a potion of cancellation {unknown}
 D - 2 potions of agility {unknown}
 E - 4 potions of brilliance {unknown}
 G - 3 potions of might {unknown}
 H - 4 potions of lignification {unknown}
Comestibles
 c - 13 rations
 L - 3 chunks of flesh


   Skills:
 + Level 6.4 Dodging
 - Level 1.7 Stealth
 + Level 5.9 Spellcasting
 + Level 1.4 Conjurations
 - Level 5.1 Charms
 * Level 9.2 Ice Magic


You couldn't memorise any spells.
You knew the following spells:

 Your Spells              Type           Power        Failure   Level  Hunger
a - Freeze                Ice            ####         1%          1    None
b - Ozocubu's Armour      Chrm/Ice       #####...     1%          3    #......
c - Throw Frost           Conj/Ice       ####..       1%          2    None
d - Blink                 Tloc           N/A          12%         2    None
e - Conjure Flame         Conj/Fire      ##......     17%         3    #......
f - Mephitic Cloud        Conj/Pois/Air  #.......     19%         3    #......
g - Magic Dart            Conj           ##..         4%          1    None
h - Summon Ice Beast      Ice/Summ       ####....     11%         4    ###....

Your spell library contained the following spells:

 Spells                   Type           Power        Failure   Level  Hunger
 Animate Skeleton         Necr           N/A          8%          1    None
 Apportation              Tloc           #.....       8%          1    None
 Confusing Touch          Hex            #.....       8%          1    None
 Summon Small Mammal      Summ           #...         8%          1    None
 Throw Icicle             Conj/Ice       ####....     9%          4    ###....
 Call Imp                 Summ           #.......     12%         2    None
 Slow                     Hex            #.......     12%         2    None


Dungeon Overview and Level Annotations

Branches:
Dungeon (9/15)             Temple (0/1) D:4
   Lair: D:8-11         Orc: D:9-12

Annotations:
D:3 3 runed doors, highc0's ghost, novice HuWn
D:7 3 runed doors, DenSaoPin's ghost, novice HOMo; Flure's ghost, novice DEFE


Innate Abilities, Weirdness & Mutations

You have an increased reservoir of magic. (+10% MP)


Message History

Aiming: Freeze (safe; 1% risk of failure)
Press: ? - help, Shift-Dir - straight line, f/p - two-headed ogre
Aim: a two-headed ogre, wielding a giant spiked club and a giant club (heavily You freeze the two-headed ogre.
The two-headed ogre is severely wounded.
Your ice beast barely misses the two-headed ogre.
The two-headed ogre hits you with a giant spiked club!
The two-headed ogre hits you with a giant club!
* * * LOW HITPOINT WARNING * * *
Casting: Freeze (safe; 1% risk of failure)
Confirm with . or Enter, or press ? or * to list all spells.
Aiming: Freeze (safe; 1% risk of failure)
Press: ? - help, Shift-Dir - straight line, f/p - two-headed ogre
Aim: a two-headed ogre, wielding a giant spiked club and a giant club (severely You freeze the two-headed ogre.
The two-headed ogre is severely wounded.
Your ice beast hits the two-headed ogre but does no damage.
The two-headed ogre closely misses you.
The two-headed ogre hits you with a giant club!!
You die...

#. #..#
.##.##..#######
...............#
...............+
...............#
...........=...#
.....YO........#
#.@#.._..#
#..#.....##!
#...........
#...<...#..
#..###..# #..###
.# +....# ..
#....# .. #....#
..


You could see a two-headed ogre and a friendly ice beast.

Vanquished Creatures
  A two-headed ogre (D:8)
  2 centaur zombies
  Prince Ribbit (D:7)
  2 hippogriffs
  A hungry ghost (D:8)
  A steam dragon (D:7)
  Menkaure (D:6)
  3 ice beasts
  An orc warrior (D:6)
  7 ogres
  A crocodile (Sewer)
  5 centaurs
  An elf zombie (Ossuary)
  A big kobold (D:7)
  4 scorpions
  A howler monkey (D:5)
  A quasit (D:8)
  2 crimson imps
  3 hounds
  An orc wizard (D:8)
  A human zombie (Ossuary)
  A centaur skeleton (D:8)
  An iguana (D:8)
  A bullfrog skeleton (D:5)
  2 worker ants
  A hound zombie (D:8)
  A hound skeleton (D:8)
  A mummy (Ossuary)
  Robin (D:3)
  3 gnolls (D:4)
  9 adders
  2 river rats (D:3)
  3 shadow imps
  An adder skeleton (D:8)
  An adder zombie (D:8)
  2 worms
  A dart slug (D:3)
  5 leopard geckos
  9 orcs
  2 ball pythons
  6 giant cockroaches
  15 goblins
  6 hobgoblins
  23 jackals
  10 kobolds
  5 quokkas
  6 bats
  9 frilled lizards
  A gnoll zombie (Ossuary)
  A goblin zombie (Ossuary)
  2 hobgoblin zombies (Ossuary)
  3 kobold zombies (Ossuary)
  2 leopard gecko skeletons
  A quokka skeleton (D:8)
  3 rats (D:2)
  A bush (D:6)
182 creatures vanquished.

Vanquished Creatures (others)
  3 fungi (D:3)
  A plant (D:3)
  3 withered plants (D:7)
7 creatures vanquished.

Grand Total: 189 creatures vanquished

Notes
Turn   | Place    | Note
-------+----------+-------------------------------------------
     0 | D:1      | Ivernyr the Demigod Ice Elementalist began the quest for
                  | the Orb.
     0 | D:1      | Reached XP level 1. HP: 14/14 MP: 5/5
   433 | D:1      | Reached skill level 3 in Ice Magic
   586 | D:1      | Reached XP level 2. HP: 20/20 MP: 5/7
   812 | D:1      | You fall through a shaft!
  1080 | D:2      | Reached XP level 3. HP: 21/26 MP: 1/8
  2142 | D:2      | Found a sacrificial altar of Ru.
  2355 | D:3      | Reached XP level 4. HP: 24/33 MP: 7/10
  2370 | D:3      | Found a glowing drain.
  2430 | Sewer    | Entered a sewer
  2561 | Sewer    | Noticed a crocodile
  2571 | Sewer    | Killed a crocodile
  2571 | Sewer    | Reached skill level 4 in Ice Magic
  2571 | Sewer    | Reached XP level 5. HP: 9/38 MP: 4/11
  3300 | D:3      | Found a stormy altar of Qazlal.
  3301 | D:3      | Found an ancient bone altar of Kikubaaqudgha.
  3307 | D:3      | Found a hazy altar of Hepliaklqana.
  3309 | D:3      | Found a shimmering altar of Xom.
  3312 | D:3      | Found a snail-covered altar of Cheibriados.
  3313 | D:3      | Found a glowing silver altar of Zin.
  3556 | D:3      | Found a runed gate.
  3556 | D:3      | Found a runed gate.
  3558 | D:3      | Found a runed gate.
  3565 | D:3      | Noticed highc0's ghost (novice HuWn)
  3591 | D:3      | Noticed Robin
  3596 | D:3      | Killed Robin
  4025 | D:4      | Learned a level 3 spell: Ozocubu's Armour
  4028 | D:4      | Learned a level 2 spell: Throw Frost
  4068 | D:4      | Noticed an ogre
  4077 | D:4      | Killed an ogre
  4077 | D:4      | Reached XP level 6. HP: 45/45 MP: 5/13
  4258 | D:4      | Reached skill level 5 in Ice Magic
  4437 | D:4      | Found an opulent altar of Gozag.
  4552 | D:4      | Found a staircase to the Ecumenical Temple.
  4556 | D:4      | Reached skill level 1 in Charms
  5127 | D:5      | Entered Level 5 of the Dungeon
  5289 | D:5      | Reached XP level 7. HP: 9/50 MP: 15/15
  5657 | D:5      | Found a blossoming altar of Fedhas.
  6110 | D:5      | Reached skill level 6 in Ice Magic
  6590 | D:5      | Noticed a hippogriff
  6601 | D:5      | Killed a hippogriff
  6828 | D:6      | Learned a level 2 spell: Blink
  6832 | D:6      | Learned a level 3 spell: Conjure Flame
  6836 | D:6      | Learned a level 3 spell: Mephitic Cloud
  6920 | D:6      | Found a shattered altar of Ashenzari.
  6973 | D:6      | Reached XP level 8. HP: 57/57 MP: 12/17
  7056 | D:6      | Reached skill level 7 in Ice Magic
  7149 | D:6      | Reached skill level 5 in Dodging
  7314 | D:6      | Noticed Menkaure
  7323 | D:6      | Learned a level 1 spell: Magic Dart
  7337 | D:6      | Killed Menkaure
  8204 | D:7      | Noticed Prince Ribbit
  8302 | D:7      | Noticed a hippogriff
  8314 | D:7      | Killed a hippogriff
  8314 | D:7      | Reached skill level 5 in Spellcasting
  8314 | D:7      | Reached XP level 9. HP: 56/62 MP: 11/20
  8319 | D:7      | Reached skill level 8 in Ice Magic
  8415 | D:7      | Found a sand-covered staircase.
  8422 | Ossuary  | Entered an ossuary
  9365 | D:7      | Found a runed gate.
  9366 | D:7      | Found a runed gate.
  9367 | D:7      | Found a runed gate.
  9368 | D:7      | Noticed DenSaoPin's ghost (novice HOMo)
  9369 | D:7      | Noticed Flure's ghost (novice DEFE)
  9782 | D:7      | Killed Prince Ribbit
 10253 | D:8      | Noticed a two-headed ogre
 10267 | D:8      | Killed a two-headed ogre
 10267 | D:8      | Reached skill level 5 in Charms
 10267 | D:8      | Reached skill level 9 in Ice Magic
 10480 | D:8      | Reached skill level 1 in Conjurations
 11367 | D:9      | Found a bloodstained altar of Trog.
 11367 | D:9      | Noticed a two-headed ogre
 11373 | D:9      | Learned a level 4 spell: Summon Ice Beast
 11413 | D:9      | Slain by a two-headed ogre

Skill      XL: |  1  2  3  4  5  6  7  8  9 |
---------------+----------------------------+-----
Dodging        | 2 3 4 5 6 |  6.4
Ice Magic      | 3 4 5 6 7 9 |  9.2
Spellcasting   | 2 3 4 5 |  5.9
Charms         | 1 2 4 5 |  5.1
Conjurations   | 1 |  1.4
Stealth        | |  1.7

Action                   |  1- 3 |  4- 6 |  7- 9 || total
-------------------------+-------+-------+-------++-------
Melee: Unarmed           |     8 |     4 |       ||    12
       Short sword       |       |     6 |       ||     6
       Spear             |       |    20 |   261 ||   281
       Quarterstaff      |       |       |    10 ||    10
       Morningstar       |       |       |     3 ||     3
 Cast: Freeze            |    67 |    82 |   143 ||   292
       Ozocubu's Armour  |       |     3 |    14 ||    17
       Mephitic Cloud    |       |       |     1 ||     1
       Conjure Flame     |       |       |    18 ||    18
       Magic Dart        |       |       |    23 ||    23
       Throw Frost       |       |       |    24 ||    24
       Blink             |       |       |    12 ||    12
       Summon Ice Beast  |       |       |     2 ||     2
  Use: Scroll            |     4 |     1 |     7 ||    12
       Potion            |       |     1 |     2 ||     3
 Stab: Sleeping          |       |     3 |     8 ||    11
  Eat: Chunk             |     5 |     9 |     8 ||    22
       Ration            |       |       |     5 ||     5
Armor: Robe              |    11 |    24 |    91 ||   126
Dodge: Dodged            |    34 |    69 |   282 ||   385
